 Dungeon Crawl Stone Soup version 0.28-a0-1493-g08698888e4 (webtiles) character file.

Game seed: 1563017882556336404

1434 mopl the Covert (level 8, -4/50 HPs)
             Began as an Octopode Brigand on Jan 12, 2022.
             Was an Elder of Nemelex Xobeh.
             Slain by a wight (10 damage)
             ... on level 6 of the Dungeon.
             The game lasted 00:07:01 (6512 turns).

mopl the Covert (Octopode Brigand)                  Turns: 6512, Time: 00:07:02

Health: -4/50      AC:  1    Str: 10    XL:     8   Next: 73%
Magic:  21/21      EV: 12    Int: 14    God:    Nemelex Xobeh [****..]
Gold:   271        SH:  0    Dex: 15    Spells: 7/7 levels left

rFire   . . .      SeeInvis .   a - +2 dagger
rCold   . . .      Faith    .   (no shield)
rNeg    . . .      Spirit   .   (helmet restricted)
rPois   .          Reflect  .   u - amulet of magic regeneration
rElec   .          Harm     .   w - ring of magical power
rCorr   .          Rampage  .   A - ring of wizardry
Will    .....                   (no ring)
Stlth   +++++.....              (no ring)
HPRegen 0.16/turn               (no ring)
MPRegen 0.57/turn               (no ring)
                                (no ring)
                                (no ring)

@: no status effects
A: almost no armour, amphibious, 8 rings, camouflage 1, gelatinous body 1,
(nimble swimmer 1), tentacles
a: Renounce Religion, Draw Escape, Draw Destruction, Draw Summoning, Triple
Draw, Deal Four


You were on level 6 of the Dungeon.
You worshipped Nemelex Xobeh.
Nemelex Xobeh was greatly pleased with you.
You visited 1 branch of the dungeon, and saw 6 of its levels.

You collected 271 gold pieces.

Inventory:

Hand Weapons
 a - a +2 dagger (weapon)
 b - a +0 rapier
 B - the +2 halberd of Zeqau {flame, rC+ rCorr Str+2}
   (You found it on level 6 of the Dungeon)

   It burns those it strikes, dealing additional fire damage.
   Big, fiery blades are also staple armaments of hydra-hunters.
   Str:       It affects your strength (+2).
   rC:        It protects you from cold.
   rCorr:     It protects you from acid and corrosion.
Missiles
 c - 2 curare-tipped darts
 d - 121 stones
 q - 34 sling bullets
 v - 2 boomerangs
 x - 52 poisoned darts (quivered)
 y - 2 javelins
Jewellery
 u - an amulet of magic regeneration (around mantle)
 w - a ring of magical power (left tentacle)
 A - a ring of wizardry (right tentacle)
Wands
 o - a wand of polymorph (1)
 C - a wand of flame (21)
Scrolls
 e - a scroll of magic mapping {unknown}
 g - 2 scrolls of immolation {unknown}
 h - 6 scrolls of identify {unknown}
 i - a scroll of enchant weapon {unknown}
 k - 2 scrolls of noise {unknown}
 n - 3 scrolls of teleportation {unknown}
 r - a scroll of acquirement {unknown}
Potions
 f - a potion of attraction {unknown}
 j - a potion of heal wounds {unknown}
 l - 3 potions of magic {unknown}
 m - 2 potions of lignification {unknown}
 p - 2 potions of mutation {unknown}
 s - a potion of degeneration {unknown}
 t - 3 potions of invisibility {unknown}
 z - a potion of flight {unknown}


   Skills:
 - Level 2.0 Fighting
 + Level 5.6 Short Blades
 + Level 5.6 Throwing
 - Level 1.0 Dodging
 + Level 9.2 Stealth
 + Level 5.4 Invocations


You had 7 spell levels left.
You didn't know any spells.
Your spell library contained the following spells:

 Spells                   Type           Power      Damage    Failure   Level
 Frozen Ramparts          Ice            0%         1d2       32%         3
 Gell's Gravitas          Tloc           0%         N/A       32%         3
 Lesser Beckoning         Tloc           0%         N/A       32%         3
 Teleport Other           Tloc           0%         N/A       32%         3
 Ice Form                 Ice/Tmut       0%         N/A       71%         4
 Summon Ice Beast         Ice/Summ       0%         N/A       71%         4


Dungeon Overview and Level Annotations

Branches:
Dungeon (6/15)             Temple (0/1) D:4

Altars:
Gozag
Nemelex Xobeh
Xom
The Shining One

Shops:
D:5 *

Annotations:
D:3 2 transporters, Killmatronix's ghost, amateur HuHu


Innate Abilities, Weirdness & Mutations

You cannot wear most types of armour.
You are amphibious.
You can wear up to eight rings at the same time.
Your skin changes colour to match your surroundings (Stealth+).
Your rubbery body absorbs attacks. (AC +1, EV +1)
((You are camouflaged when in or above water. (Stealth+)))
You have tentacles for arms and can constrict up to eight enemies at once.


Message History

Your squeeze misses the wight.
The wight is almost destroyed.
The wight hits you with a +4 mace!
You hit the wight but do no damage. Your grab misses the wight.
The wight is almost destroyed.
The wight hits you with a +4 mace!
You closely miss the wight. You grab the wight.
The wight is almost destroyed.
You constrict the wight, but do no damage.
You hit the wight but do no damage.
You squeeze the wight, but do no damage.
The wight is almost destroyed.
You constrict the wight, but do no damage.
The wight hits you with a +4 mace!
You feel drained.
You are too injured to fight recklessly!
You are too injured to fight recklessly!
You hit the wight but do no damage.
The wight is almost destroyed.
You constrict the wight, but do no damage.
The wight hits you with a +4 mace!
* * * LOW HITPOINT WARNING * * *
You draw a card...
You have drawn Pain.
Press: ? - help, Shift-Dir - straight line, f/p - wight
Aim: a wight, wielding a +0 long sword and wearing a +0 robe (severely damaged, covered in acid)
The wight is unaffected.
You constrict the wight.
You destroy the wight!
Your life force feels restored.
You draw a card...
You have drawn Pain.
Press: ? - help, Shift-Dir - straight line, f/p - wight
Aim: a wight, wielding a +0 long sword and wearing a +0 robe (severely damaged, covered in acid)
The bolt of negative energy hits the wight.
The wight completely resists.
The wight is severely damaged.
The bolt of negative energy hits the wight.
The wight completely resists.
The wight hits you with a +0 long sword!
You die...
Your body glows slightly and disappears.

### #.### #...
#####.####.#
#..........#
#.###.######
#.# #@# #.#
#z# #.# #z#
#.# #)# #.#
?.# #.# ###
############.#
.............#
##############


You could see 2 wights.

Vanquished Creatures
  Sigmund (D:4)
  Edmund (D:4)
  An ice beast (D:5)
  A tengu (D:5)
  A phantom (D:4)
  A bullfrog (D:6)
  A killer bee (D:5)
  3 wights (D:6)
  2 bullfrog zombies (D:6)
  A centaur zombie (D:6)
  An orc priest (D:5)
  A jelly (D:5)
  3 hounds
  Jessica (D:2)
  3 iguanas
  Natasha (thrice) (D:2)
  A scorpion zombie (D:5)
  A killer bee zombie (D:6)
  5 adders
  A shadow imp (D:6)
  2 white imps (D:6)
  An ufetubus (D:2)
  2 dart slugs
  5 orcs
  An endoplasm (D:2)
  2 giant cockroaches (D:3)
  3 goblins
  9 hobgoblins
  2 jackals (D:1)
  2 quokkas
  4 ball pythons (D:2)
  2 bats
  3 frilled lizards
  6 kobolds
  3 rats
80 creatures vanquished.

Vanquished Creatures (others)
  2 plants (D:5)
2 creatures vanquished.

Grand Total: 82 creatures vanquished

Notes
Turn   | Place    | Note
-------+----------+-------------------------------------------
     0 | D:1      | mopl the Octopode Brigand began the quest for the Orb.
     0 | D:1      | Reached XP level 1. HP: 14/14 MP: 1/1
   559 | D:1      | Found a faded altar of an unknown god.
   785 | D:1      | Reached XP level 2. HP: 19/19 MP: 2/2
   807 | D:1      | Prayed at the altar of an unknown god.
   807 | D:1      | Became a worshipper of Nemelex Xobeh the Trickster
   807 | D:1      | Reached * piety under Nemelex Xobeh
  1320 | D:2      | Found a glowing golden altar of the Shining One.
  1373 | D:2      | Noticed Jessica
  1384 | D:2      | Killed Jessica
  1385 | D:2      | Reached skill level 1 in Invocations
  1385 | D:2      | Reached XP level 3. HP: 16/24 MP: 3/3
  1613 | D:2      | Received a gift from Nemelex Xobeh
  1648 | D:2      | Noticed Natasha
  1656 | D:2      | Killed Natasha
  1657 | D:2      | Reached skill level 6 in Stealth
  1657 | D:2      | Reached XP level 4. HP: 18/29 MP: 3/5
  1944 | D:2      | Noticed Natasha
  1967 | D:2      | Killed Natasha
  1968 | D:2      | Reached skill level 3 in Short Blades
  1968 | D:2      | Reached skill level 3 in Throwing
  2028 | D:2      | Noticed Natasha
  2104 | D:2      | Killed Natasha
  2105 | D:2      | Reached skill level 2 in Invocations
  2105 | D:2      | Reached XP level 5. HP: 23/34 MP: 6/6
  2562 | D:3      | Reached ** piety under Nemelex Xobeh
  2820 | D:3      | Found a transporter.
  2820 | D:3      | Noticed an ogre
  2821 | D:3      | Identified the +10 great mace of Disembowelment {drain,
                  | rElec MP+9 Int-4}
  2821 | D:3      | Noticed an ogre
  2821 | D:3      | Noticed Killmatronix's ghost (amateur HuHu)
  2827 | D:3      | Found a transporter.
  2979 | D:3      | Found a shimmering altar of Xom.
  3022 | D:3      | Found an opulent altar of Gozag.
  3213 | D:3      | Received a gift from Nemelex Xobeh
  3441 | D:4      | Received a gift from Nemelex Xobeh
  3522 | D:4      | Noticed a phantom
  3544 | D:4      | Killed a phantom
  3545 | D:4      | Reached XP level 6. HP: 18/39 MP: 6/8
  3782 | D:4      | Found a staircase to the Ecumenical Temple.
  4075 | D:4      | Noticed Sigmund
  4078 | D:4      | Killed Sigmund
  4079 | D:4      | Reached skill level 4 in Short Blades
  4079 | D:4      | Reached skill level 4 in Throwing
  4079 | D:4      | Reached skill level 7 in Stealth
  4079 | D:4      | Reached skill level 3 in Invocations
  4079 | D:4      | Reached XP level 7. HP: 45/45 MP: 9/9
  4092 | D:4      | Noticed Edmund
  4097 | D:4      | Killed Edmund
  4232 | D:4      | Reached *** piety under Nemelex Xobeh
  4327 | D:5      | Entered Level 5 of the Dungeon
  4550 | D:5      | Found Geuf's Elemental Accessories.
  4766 | D:5      | Reached skill level 8 in Stealth
  4766 | D:5      | Reached skill level 4 in Invocations
  5042 | D:5      | Reached XP level 8. HP: 13/50 MP: 11/11
  5384 | D:5      | Received a gift from Nemelex Xobeh
  5400 | D:5      | Reached skill level 5 in Short Blades
  5435 | D:5      | Reached skill level 5 in Throwing
  5931 | D:6      | Reached **** piety under Nemelex Xobeh
  6247 | D:6      | Reached skill level 5 in Invocations
  6369 | D:6      | Identified the +2 halberd of Zeqau {flame, rC+ rCorr Str+2}
  6374 | D:6      | Reached skill level 9 in Stealth
  6512 | D:6      | Slain by a wight

Illustrated notes

Levels and vault maps discovered:
D:1:      heliophobic_arrival_enchanted_forest, layout_basic,
          ebering_ecumenical_altar_rust
D:2:      layout_basic, basic_altar, uniq_natasha, uniq_jessica
D:3:      layout_loops_cross, mainiacjoe_overflow_catwalk_spiral,
          gammafunk_ghost_smash
D:4:      layout_cave_pods, minmay_temple_entry_statues_fountains,
          sigmund_edmund_badplayer
D:5:      layout_basic, nicolae_elemental_shop, eino_tiny_chamber,
          hangedman_abyss_or_decor_slice, guppyfry_early_lair_pool
D:6:      layout_basic

Skill      XL: |  1  2  3  4  5  6  7  8 |
---------------+-------------------------+-----
Invocations    | 1 2 3 4 5 |  5.4
Stealth        | 6 7 8 9 |  9.2
Short Blades   | 3 4 5 |  5.6
Throwing       | 3 4 5 |  5.6
Fighting       | |  2.0
Dodging        | |  1.0

Action                   |  1- 3 |  4- 6 |  7- 9 || total
-------------------------+-------+-------+-------++-------
Melee: Dagger            |    35 |    72 |    92 ||   199
       Constrict         |     6 |    14 |    17 ||    37
       Tentacles         |     3 |    22 |    26 ||    51
       Unarmed           |       |     9 |       ||     9
       Punch             |       |     1 |     4 ||     5
       Halberd           |       |       |     3 ||     3
Throw: Dart              |     2 |     7 |     6 ||    15
Invok: Draw Destruction  |       |       |    14 ||    14
       Draw Escape       |       |       |     1 ||     1
 Stab: Sleeping          |     7 |     9 |     9 ||    25
       Distracted        |       |     1 |       ||     1
Armor: Skin              |       |     2 |     1 ||     3
Dodge: Dodged            |    15 |    41 |    36 ||    92

Table legend: (Time is in decaauts)
 A = Elapsed time spent in this place.
 B = Non-inter-level travel time spent in this place.
 C = Inter-level travel time spent in this place.
 D = Time resting spent in this place.
 E = Time spent auto-exploring this place.
 F = Levels seen in this place.
 G = Mean time per level.
                   A        B        C        D        E       F      G
               +--------+--------+--------+--------+--------+-----+--------+
         Total |   6472 |   6297 |    175 |   1899 |   3684 |   6 | 1078.7 |
       Dungeon |   6472 |   6297 |    175 |   1899 |   3684 |   6 | 1078.7 |
               +--------+--------+--------+--------+--------+-----+--------+

Top non-repeatable levels by time:
     D:5: 1390 daAuts
     D:2: 1298 daAuts
     D:1: 1242 daAuts
     D:4: 995 daAuts
     D:3: 774 daAuts
     D:6: 770 daAuts
